Unix NetHack Version 3.7.0-95 Work-in-progress - last build Jan 1 2024 20:51:50 (6a0ccc5fa2390e420dd2d488a2f9488d2ae3a63b,branch:master). Game began 2024-01-05 16:30:32, ended 2024-01-05 18:04:00. Arasaka, chaotic male elven Ranger ----- |.>^-# ----- |...|# |...| --------------------------------- ---.-## |...| |...............................| # ## |.^.|# |..-----..-+-----.-----....----.| ------ ## # |...|# |..|(](|..| |..|.-...|.---- |.| #.....| # ### ---|-# |..|(.(|..| |..-.|@@.|.| |.| |..<.| # ######### #...|...|.----|---.|...|.| --+-.| |....| # # 0###|..--|--.|...-....|...|.| |....| ########.....| # # # #|......).| |....|----.-+--..{.| #### ------ # ###### # #|.-----.)-----.-+-|..-...........##### # # # #|.|(%.-[)......| |. |..-+--....| --.----.- # ..|!%.|....-+--- |----.| -+--.| |.......| # |.-----.---- ---|%%.|.| |.| |.......|#### |.......+ |..|*!/|.---- |.| |.......| |.......| |..|%*.-....| |.| |.......| |.{.....---------|-----....----.| |.......| |...............................| --------- --------------------------------- Arasaka the Reconnoiterer St:13 Dx:12 Co:16 In:13 Wi:15 Ch:8 Chaotic Dlvl:8 $:11 HP:0(72) Pw:61(61) AC:-6 Xp:10/7313 T:15815 Latest messages: Where do you want to travel to? (For instructions type a '?') You hit the giant beetle! The giant beetle just misses! a - an uncursed +1 elven dagger (weapon in right hand). A - a double-headed axe named Cleaver (alternate weapon; not wielded). The giant beetle misses! You hit the giant beetle. The giant beetle bites! You hit the giant beetle. The giant beetle bites! You hit the giant beetle. The giant beetle misses! You hit the giant beetle. The giant beetle bites! You hit the giant beetle. The giant beetle misses! You kill the giant beetle! You see here a giant beetle corpse. There is nothing here to pick up. You see here a giant beetle corpse. You have a little trouble lifting a giant beetle corpse. Continue? [ynq] (q) You have a little trouble lifting l - a giant beetle corpse. Your movements are slowed slightly because of your load. The priestess of Venus intones: "Pilgrim, you enter a sacred place!" You have a forbidding feeling... Talk to whom? (in what direction) The priestess of Venus asks you for a contribution for the temple. You give the priestess of Venus 4000 zorkmids. "Thou hast been rewarded for thy devotion." What do you want to sacrifice? [lr or ?*] Your sacrifice is consumed in a burst of flame! You sense a conflict between Mars and Venus. You feel the power of Mars increase. The altar glows black. The priestess of Venus gets angry! Your movements are now unencumbered. The priestess of Venus wields a mace! The mace welds itself to the priestess of Venus' hand! The priestess of Venus kicks! The priestess of Venus casts a spell at you! You are frozen in place! The priestess of Venus swings her mace. The priestess of Venus hits! The priestess of Venus kicks! The priestess of Venus points at you, then curses. The priestess of Venus swings her mace. The priestess of Venus hits! You die... Inventory: Coins ('$') $ - 11 gold pieces Amulets ('"') U - an uncursed amulet of reflection (being worn) Weapons (')') c - 26 uncursed +2 elven arrows (in quiver) d - 20 uncursed +0 elven arrows b - an uncursed +1 elven bow a - an uncursed +1 elven dagger (weapon in right hand) A - the blessed +1 Cleaver (alternate weapon; not wielded) Armor ('[') M - an uncursed greased +2 orcish helm (being worn) w - an uncursed greased +0 pair of iron shoes (being worn) j - an uncursed very burnt +2 elven cloak (being worn) x - an uncursed +0 elven mithril-coat (being worn) Comestibles ('%') r - an uncursed lizard corpse named tricebane Wands ('/') X - an uncursed wand of digging (0:5) Z - a blessed wand of lightning (0:1) O - an uncursed wand of probing (0:5) K - an uncursed wand of speed monster (0:4) Tools ('(') z - an uncursed sack containing 4 items e - an uncursed lock pick G - an uncursed magic lamp p - an uncursed towel s - an uncursed +0 unicorn horn Gems/Stones ('*') E - an uncursed luckstone Contents of the sack: 2 uncursed cram rations 4 uncursed food rations an uncursed lembas wafer an uncursed tripe ration Arasaka the Ranger's attributes: Background: You were a Reconnoiterer, a level 10 male elven Ranger. You were chaotic, on a mission for Mars who was opposed by Mercury (lawful) and Venus (neutral). You were right-handed. You were in the Gnomish Mines, on level 8. You entered the dungeon 15815 turns ago. You had 7313 experience points, 2687 more were needed to attain level 11. Basics: You had 0 out of 72 hit points. You had all 61 energy points (spell power). Your armor class was -6. Your wallet contained 11 zorkmids. Autopickup was off. Final Characteristics: Your strength was 13 (peak:15, limit:18). Your dexterity was 12 (peak:13, limit:18). Your constitution was 16 (limit:16). Your intelligence was 13 (limit:20). Your wisdom was 15 (peak:16, limit:20). Your charisma was 8 (limit:18). Final Status: You weren't hungry. You were unencumbered. You were wielding a dagger. You had basic skill with dagger and could have enhanced that. Final Attributes: You were piously aligned. You were cold resistant. You were sleep resistant. You were poison resistant. You were telepathic. You had automatic searching. You had infravision. You were stealthy. You had a small defense bonus (+4). You were guarded. You had reflection. You were lucky. You had extra luck. Bad luck did not time out for you. Good luck did not time out for you. You are dead. Miscellaneous: You disabled loading of bones levels. Total elapsed playing time was 1 hour, 33 minutes and 27 seconds. Major events: Turn 1: Arasaka the chaotic male elven Ranger entered the dungeon 1194: attained the rank of Lookout (level 3) 1392: entered the Gnomish Mines 2787: attained the rank of Trailblazer (level 6) 4368: entered Sokoban 6488: found Demonbane on the floor 8586: found Cleaver on the floor 8859: reached Mine Town 10072: completed 1st Sokoban level 10643: completed 2nd Sokoban level 11077: completed 3rd Sokoban level 12939: completed 4th Sokoban level 13144: attained the rank of Reconnoiterer (level 10) 13280: acquired the Sokoban amulet of reflection 15815: killed by a priestess of Venus, while paralyzed by a monster Vanquished creatures: 2 giant mimics a giant zombie a warg 2 small mimics a glass piercer a xan an ettin mummy 3 trolls a wood golem a pyrolisk a large dog 3 gargoyles a tengu an elf mummy a python 2 amorous demons a chameleon 3 giant beetles 2 quivering blobs a cockatrice 3 wolves 4 winter wolf cubs 2 lynxes a panther a gremlin a leprechaun 2 scorpions 4 horses a gnome ruler an ogre 2 brown puddings a rust monster 2 owlbears a yeti a werewolf 4 Green-elves 6 lizards 3 chickatrices a dog a housecat 3 dwarf leaders 2 blue jellies 2 white unicorns a gray unicorn a black unicorn 3 ravens a plains centaur 2 snakes 6 apes a human zombie 2 rope golems a Woodland-elf a fire ant an imp a quasit 2 wood nymphs 3 mountain nymphs 9 Mordor orcs 3 Uruk-hai an orc shaman 3 rock piercers a rock mole 6 ponies 10 fog clouds 6 yellow lights a violet fungus 6 gnome leaders 3 gnomish wizards 3 kobold mummies a black naga hatchling a golden naga hatchling 3 elf zombies a straw golem 3 paper golems a baby crocodile 5 giant ants a little dog 8 floating eyes 3 kittens 13 dwarves 2 homunculi a kobold leader 4 kobold shamans 6 hill orcs 3 rothes a centipede 3 giant bats 3 orc zombies 5 dwarf zombies a wererat 3 werejackals 6 iguanas 20 killer bees 2 acid blobs a coyote a gas spore 2 hobbits 5 manes 4 hobgoblins a giant rat 4 cave spiders a brown mold 3 yellow molds 2 red molds 45 gnomes 8 garter snakes 2 gnome zombies 7 geckos 13 jackals 3 foxes 2 kobolds 2 goblins 7 sewer rats 10 grid bugs 6 bats 7 lichens 6 kobold zombies 9 newts 408 creatures vanquished. No species were genocided or became extinct. Voluntary challenges: You read items or engraved 25 times. You engraved Elbereth 2 times. You never genocided any monsters. You never polymorphed an object. You never changed form. You used no wishes. You did not violate any of the special Sokoban rules. Achievements: You entered a shop. You attained the rank of Lookout. You entered the Gnomish Mines. You attained the rank of Trailblazer. You entered Sokoban. You entered Minetown. You entered a temple. You attained the rank of Reconnoiterer. You completed Sokoban. The Dungeons of Doom: levels 1 to 10 Level 1: Level 2: Level 3: "l" A fountain. Level 4: Stairs down to The Gnomish Mines. Level 5: Level 6: Stairs up to Sokoban, level 5. Level 7: A fountain. Level 8: A fountain, a sink. Level 9: "v" Level 10: The Gnomish Mines: levels 5 to 10 Level 5: Level 6: Level 7: Level 8: <- You were here. A delicatessen, a temple and an altar to Mars, some fountains. Final resting place for you, killed by a priestess of Venus, while paralyzed by a monster. Level 9: Level 10: Sokoban: levels 5 up to 2 Level 2: Solved. Level 3: Solved. Level 4: Solved. Level 5: Solved. Game over: ---------- / \ / REST \ / IN \ / PEACE \ / \ | Arasaka | | 11 Au | | killed by a | | priestess of | | Venus | | | | 2024 | *| * * * | * _________)/\\_//(\/(/\)/\//\/|_)_______ Goodbye Arasaka the Ranger... You died in The Gnomish Mines on dungeon level 8 with 29752 points, and 11 pieces of gold, after 15815 moves. You were level 10 with a maximum of 72 hit points when you died.